 Dungeon Crawl Stone Soup version 0.17-a0-469-g696e5a1 (webtiles) character file.

33 Radiman the Digger (level 3, 0/19 HPs)
             Began as a Gargoyle Earth Elementalist on Apr 6, 2015.
             Slain by Ijyb (1 damage)
             ... on level 1 of the Dungeon.
             The game lasted 00:07:37 (1948 turns).

Radiman the Digger (Gargoyle Earth Elementalist)    Turns: 1948, Time: 00:07:37

Health: 0/19       AC:  5    Str: 11    XL:     3   Next: 29%
Magic:  1/6        EV: 12    Int: 16    God:
Gold:   20         SH:  0    Dex: 10    Spells: 1 memorised, 5 levels left

rFire  . . .     SeeInvis .     b - 40 stones
rCold  . . .     Clarity  .     c - +0 robe
rNeg   + . .     SustAb   .     (no shield)
rPois  ∞         Gourm    .     (no helmet)
rElec  +         Spirit   .     (no cloak)
rCorr  .         Warding  .     (no gloves)
rMut   +         Stasis   .     (no boots)
MR     .....                    j - amulet of resist mutation
Stlth  ++........               (no ring)
                                (no ring)

@: not resistant to hostile enchantments, unstealthy
A: negative energy resistance 1, electricity resistance, unbreathing,
petrification resistance, rot immunity, AC +3
a: no special abilities


You were on level 1 of the Dungeon.
You were not hungry.

You visited 1 branch of the dungeon, and saw 2 of its levels.

You collected 20 gold pieces.

Inventory:

Missiles
 b - 40 stones (in hand)
 k - 17 poisoned needles
Armour
 c - a +0 robe (worn)
 g - a +0 ring mail
Jewellery
 j - an amulet of resist mutation (around neck)
Scrolls
 e - a scroll of magic mapping {unknown}
 f - a scroll of fear {unknown}
 h - a scroll of remove curse {unknown}
 l - a scroll of blinking
 p - a scroll of identify
Potions
 i - a potion of heal wounds
 m - a potion of invisibility {unknown}
 o - a potion of curing {unknown}
 q - a potion of haste {unknown}
Books
 d - a book of Geomancy

   Spells                             Type                      Level
   a - Sandblast                      Earth                        1
   b - Stoneskin                      Transmutation/Earth          2
   c - Passwall                       Transmutation/Earth          3
   d - Stone Arrow                    Conjuration/Earth            3
   e - Petrify                        Transmutation/Earth          4
   f - Lee's Rapid Deconstruction     Earth                        5
Comestibles
 a - 2 bread rations
 n - 2 chunks of flesh


   Skills:
 - Level 1.5 Dodging
 - Level 2.1 Stealth
 - Level 2.0 Spellcasting
   Level 0.7 Transmutations
 * Level 5.1 Earth Magic


You had 5 spell levels left.
You knew the following spells:

 Your Spells              Type           Power        Failure   Level  Hunger
a - Sandblast             Erth           ###...       2%          1    #......


Dungeon Overview and Level Annotations

Branches:
Dungeon (2/15)

Altars:
Zin

Shops:
D:2 *

Annotations:
D:1 Ijyb


Innate Abilities, Weirdness & Mutations

You are resistant to torment.
Your stone body is resilient (AC +3).
You are immune to poison.
You resist negative energy.
You are resistant to electric shocks.
You can survive without breathing.
You are immune to petrification.
You are immune to rotting.


Message History

Ijyb hits you but does no damage.
You barely miss Ijyb.
Ijyb is moderately wounded.
Ijyb hits you.
* * * LOW HITPOINT WARNING * * *
Ijyb closely misses you.
You barely miss Ijyb.
Ijyb is moderately wounded.
Ijyb hits you but does no damage.
You barely miss Ijyb.
Ijyb is moderately wounded.
Ijyb hits you but does no damage. Ijyb barely misses you.
You clumsily bash Ijyb but do no damage.
Ijyb is moderately wounded.
Ijyb screams, "It's all mine!"
Ijyb barely misses you.
You closely miss Ijyb.
Ijyb is moderately wounded.
Ijyb hits you.
You die...

#.# #.....#.##...#.#.#.#.#
#.###.....#.####.#.#.#.#.####
..........#........#.#.#.#..#
#.####....######.###.#.#.#..#
................>..#.#.#.#..#
#.####....######.#.#.#.#.#..#
#.........# #.#.#.#.#.#..#
#.####....# #.#.#.#.#.#..# #.#
##.#.######@#.#.#.#.#..# #.#
#.#........g.#.#.#.#.)##
#.#####.########...#.#.#.#...#
........#..........#...#.#...#
#.#######.###......#####.#..##
#.# #.#......#.##........# #.#
#.#.#..#.#.##.####.### #.#
#.#.#..#.#.##.# #.# #.#
#.#.#!.#.#.##.# #.#


You could see Ijyb.

Vanquished Creatures
  3 giant geckos
  An ooze (D:1)
  5 bats
  A giant cockroach (D:1)
  A goblin (D:1)
  4 hobgoblins
  4 jackals (D:1)
  A kobold (D:1)
  2 giant newts (D:1)
  5 rats
27 creatures vanquished.

Notes
Turn   | Place    | Note
--------------------------------------------------------------
     0 | D:1      | Radiman, the Gargoyle Earth Elementalist, began the quest for the Orb.
     0 | D:1      | Reached XP level 1. HP: 10/10 MP: 3/3
   411 | D:1      | Reached skill level 4 in Earth Magic
   478 | D:1      | Reached XP level 2. HP: 10/15 MP: 1/5
  1163 | D:1      | Reached skill level 5 in Earth Magic
  1163 | D:1      | Reached XP level 3. HP: 19/19 MP: 1/6
  1779 | D:2      | Found Zin's Purification Station.
  1779 | D:2      | Found a glowing silver altar of Zin.
  1885 | D:2      | Noticed Ijyb
  1948 | D:1      | Slain by Ijyb

Action                   || total
-------------------------++-------
Melee: Unarmed           ||    50
 Cast: Sandblast         ||    62
  Use: Scroll            ||     4
  Eat: Chunk             ||     4
